 Dungeon Crawl Stone Soup version 0.18.1-48-g4cf74bf (webtiles) character file.

106372 rlgrobin the Unseen (level 15, -4/91 HPs)
             Began as a Deep Elf Chaos Knight on Sept 6, 2016.
             Was the Champion of Nemelex Xobeh.
             Killed from afar by a deep elf sorcerer (38 damage)
             ... with a bolt of acid
             ... on level 1 of the Elven Halls.
             The game lasted 01:59:05 (37514 turns).

rlgrobin the Unseen (Deep Elf Chaos Knight)        Turns: 37514, Time: 01:59:06

Health: -4/91      AC: 24    Str:  9    XL:     15   Next: 97%
Magic:  25/25      EV: 21    Int: 22    God:    Nemelex Xobeh [******]
Gold:   1232       SH:  0    Dex: 21    Spells: 2 memorised, 11 levels left

rFire  . . .     SeeInvis .     a - +9 quick blade
rCold  . . .     Gourm    .     T - +5 mottled dragon armour
rNeg   . . .     Faith    .     (no shield)
rPois  +         Spirit   .     e - +2 helmet {Int+3}
rElec  .         Dismiss  .     l - +0 cloak {rPois}
rCorr  .         Reflect  .     y - +2 pair of gloves
SustAt .         Harm     .     E - +2 pair of boots {Fly}
MR     ++...                    r - amulet of regeneration
Stlth  +++++++...               w - ring of protection from magic
                                h - ring of stealth

@: flying, very resistant to hostile enchantments, extremely stealthy
A: agile 1
a: Triple Draw, Deal Four, Stack Five, Renounce Religion, Stop Flying


You were on level 1 of the Elven Halls.
You worshipped Nemelex Xobeh.
Nemelex Xobeh was exalted by your worship.
You were not hungry.

You visited 4 branches of the dungeon, and saw 25 of its levels.
You also visited: Sewer and Bailey.

You collected 3319 gold pieces.
You spent 1957 gold pieces at shops.

Inventory:

Hand Weapons
 a - a +9 quick blade (weapon)
Missiles
 b - 6 poisoned javelins (quivered)
 f - 3 tomahawks
 G - a throwing net {=f}
Armour
 e - a +2 helmet of intelligence (worn)
 l - a +0 cloak of poison resistance (worn)
 y - a +2 pair of gloves (worn)
 E - a +2 pair of boots of flying (worn)
 O - a +2 shield of protection
 T - a +5 mottled dragon armour (worn)
Jewellery
 h - a ring of stealth (left hand)
 r - an amulet of regeneration (around neck)
 t - a +3 ring of evasion
 w - a ring of protection from magic (right hand)
Wands
 d - a wand of disintegration (6/24)
 j - a wand of iceblast (3/15)
 p - a wand of teleportation (4/9)
 I - a wand of hasting (3/9)
 U - a wand of enslavement (13/24)
 Y - a wand of digging (14/24)
Scrolls
 m - 3 scrolls of blinking
 o - 2 scrolls of fog
 x - 4 scrolls of teleportation
 A - 11 scrolls of remove curse
 D - a scroll of fear
 F - 2 scrolls of magic mapping
 L - 8 scrolls of recharging
Potions
 g - 3 potions of might
 i - a potion of magic
 k - a potion of ambrosia
 n - 6 potions of brilliance
 u - a potion of agility
 B - 7 potions of curing
 C - 3 potions of resistance
 Q - 3 potions of cure mutation
 Z - 2 potions of haste
Miscellaneous
 q - an ornate deck of war {drawn: 7} {god gift}
 s - a phial of floods (inert)
 v - an ornate deck of war {god gift}
 z - a legendary deck of escape {drawn: 4} {god gift}
 H - a legendary deck of war {god gift}
 J - a lamp of fire
 K - an ornate deck of war {god gift}
 M - a plain deck of changes
 P - a legendary deck of war {god gift}
 R - an ornate deck of escape {god gift}
 V - an ornate deck of war {drawn: 2} {god gift}
 W - a legendary deck of wonders {the Alchemist}
Comestibles
 c - 11 bread rations
 N - 4 meat rations
 S - 11 fruits


   Skills:
 - Level 9.5 Fighting
 - Level 14.0 Short Blades
 - Level 10.3 Throwing
 - Level 6.6 Armour
 - Level 11.8 Dodging
 - Level 16.0 Stealth
 + Level 2.6 Spellcasting
 + Level 5.6 Hexes
 + Level 2.1 Ice Magic
 - Level 10.7 Evocations


You had 11 spell levels left.
You knew the following spells:

 Your Spells              Type           Power        Failure   Level  Hunger
a - Confuse               Hex            ####....     8%          3    ###....
y - Metabolic Englaciati  Hex/Ice        ###.......   92%         5    ######.


Dungeon Overview and Level Annotations

Branches:
Dungeon (14/15)            Temple (0/1) D:5            Lair (8/8) D:10
 Shoals (0/4) Lair:6        Snake (0/4) Lair:5        Slime (0/6) Lair:7
    Orc (2/2) D:10            Elf (1/3) Orc:2        Vaults (0/5) D:13

Altars:
Cheibriados
Dithmenos
Elyvilon
Gozag
Kikubaaqudgha
Makhleb
Nemelex Xobeh
Pakellas
Qazlal
Sif Muna
Vehumet
Xom
Yredelemnul
The Shining One
Beogh

Shops:
D:4 *   D:6 %   Orc:2 (==(*(!

Annotations:
D:9 1 runed door


Innate Abilities, Weirdness & Mutations

You are agile. (Dex +2)


Message History

Attack!
The deep elf mage gestures at you while chanting.
The magic dart hits something.
Something hits your purple ugly thing but does no damage.
Something hits your basilisk but does no damage.
Your basilisk bites the deep elf sorcerer!
The deep elf mage hits your basilisk with a rapier.
Throwing (i - inventory. (,) - cycle):
b - 7 poisoned javelins (quivered)
Press: ? - help, Shift-Dir - straight line, f - deep elf mage, p - deep elf sorcerer
Aim: a deep elf mage, wielding a short sword (severely wounded)
You throw a poisoned javelin.
Your basilisk is no longer moving slowly.
The deep elf sorcerer points at you and mumbles some strange words.
The bolt of acid hits your basilisk. The acid corrodes your basilisk!
Your basilisk dies!
Your basilisk's corpse disappears in a puff of smoke!
The bolt of acid hits rlgrobin's illusion.
The acid corrodes rlgrobin's illusion!
The bolt of acid hits you!
You die...
Your body glows with a rainbow of weird colours and disappears.

###..# . ##'## ###..# ##.
..... .....# #.# ....#.
###.## #.# ##......# #
#.### #.### .Y##....#
###.#)#####.#.##eee.##..#
....(#)..()()()u#ยง....###
###(###.......)Y@#(..$..#
##.#.####....(@.Y.....#
##..# ###.########### ##.#
#.# #.# #.# #.# #.# #.#
#.# #.# #.# ######.# #.#
.......# #.#


You could see a deep elf sorcerer, a deep elf mage, 2 ice beasts, a friendly
purple ugly thing, a friendly ice beast and the friendly rlgrobin's illusion.

Vanquished Creatures
  Nessos (D:13)
  A fire dragon (Lair:8)
  7 hydras
  4 centaur warriors
  An ogre mage (D:13)
  An alligator (Lair:8)
  2 tengu warriors (D:14)
  3 dancing weapons
  An orc high priest (Orc:2)
  A skeletal warrior (D:13)
  2 hill giants
  An unseen horror (D:12)
  3 deep elf archers
  A lindwurm (Lair:8)
  2 orc knights
  A wolf spider (Lair:8)
  A harpy (shapeshifter) (D:14)
  3 ugly things
  7 orc sorcerers
  2 orb spiders (Lair:8)
  A manticore (D:14)
  6 elephants (Lair:7)
  2 hornets (Lair:8)
  17 deep elf magi
  7 cyclopes
  A guardian serpent (Lair:8)
  Maurice (D:13)
  2 centaur zombies
  7 torpor snails
  2 gargoyles
  23 spiny frogs
  10 black mambas
  7 komodo dragons
  A rime drake (Lair:4)
  An efreet (D:13)
  A kobold demonologist (Elf:1)
  A jumping spider (Elf:1)
  A queen bee (Lair:8)
  7 trolls
  13 blink frogs
  8 two-headed ogres
  2 giant leeches (Lair:8)
  A polar bear (D:10)
  11 slime creatures
  A redback (Lair:8)
  A spriggan (D:8)
  An air elemental (Elf:1)
  40 yaks
  3 wyverns
  A vampire (D:9)
  5 wraiths
  8 basilisks
  A fire bat (Lair:8)
  A golden eye (Lair:8)
  5 hungry ghosts
  3 steam dragons
  12 hippogriffs
  6 wargs
  A mottled dragon (D:12)
  2 soldier ants
  19 water moccasins
  A giant eyeball (Elf:1)
  11 porcupines
  5 black bears
  38 orc warriors
  5 ice beasts
  5 wasps (Lair:8)
  A swamp drake (D:10)
  A phantom (D:4)
  6 sky beasts
  21 wolves
  5 boggarts
  10 ogres
  13 centaurs
  12 crocodiles
  21 giant frogs
  A gnoll sergeant (D:11)
  A wyvern zombie (D:9)
  An earth elemental (Elf:1)
  4 wyvern skeletons
  7 scorpions
  20 killer bees
  2 electric eels
  6 wights
  6 howler monkeys
  5 crimson imps
  3 giant frog zombies
  4 hounds
  4 jellies
  5 centaur skeletons
  20 orc priests
  Crazy Yiuf (D:7)
  11 iguanas
  4 giant frog skeletons
  Jessica (D:2)
  Ijyb (D:2)
  29 orc wizards
  2 hell rats
  19 worker ants
  A killer bee zombie (D:6)
  24 sheep
  2 hound skeletons
  2 hound zombies
  A worker ant zombie (D:5)
  16 gnolls
  20 adders
  54 river rats
  A shadow imp (D:8)
  2 oozes
  2 adder skeletons
  21 worms
  3 dart slugs
  7 giant geckos
  81 orcs
  6 giant cockroaches
  10 goblins
  7 hobgoblins
  10 jackals
  5 quokkas
  12 ball pythons
  A ball python skeleton (D:6)
  6 bats
  2 giant gecko skeletons (D:5)
  9 giant newts
  10 kobolds
  A quokka zombie (D:7)
  28 rats
  A butterfly (D:9)
  3 fungi
  6 plants (Lair:8)
954 creatures vanquished.

Vanquished Creatures (collateral kills)
  Rupert (Lair:6)
  An orc warlord (Orc:2)
  Josephine (Lair:8)
  The ghost of theElss the Thaumaturge, a journeyman HECj of Vehumet (Lair:2)
  3 hydras
  The ghost of rlgrobin the Covert, a journeyman DECK of Nemelex Xobeh (Lair:1)
  An orc high priest (Orc:2)
  A death knight (D:12)
  An orc knight (Bailey)
  2 deep elf archers (Elf:1)
  A griffon (Lair:7)
  An orc sorcerer (Orc:2)
  4 elephants (Lair:7)
  A black mamba (Lair:8)
  A torpor snail (Lair:8)
  A spiny frog (Lair:6)
  A komodo dragon (Lair:6)
  A queen bee (D:9)
  3 giant leeches (Lair:8)
  A two-headed ogre (D:12)
  5 blink frogs
  A slime creature (D:13)
  A boulder beetle (Lair:8)
  A wyvern (Lair:8)
  2 wraiths (Lair:8)
  5 yaks
  A basilisk (Lair:2)
  A warg (Orc:2)
  A soldier ant (Lair:8)
  3 water moccasins
  2 orc warriors (Orc:2)
  A wasp (Lair:8)
  2 ogres
  3 wolves
  A centaur (D:10)
  A boggart (D:13)
  2 crocodiles
  3 giant frogs
  3 wights (D:11)
  3 orc priests
  An iguana (D:8)
  4 orc wizards
  5 hell rats (Lair:7)
  2 sheep (Lair:1)
  3 adders
  2 river rats
  A worm (Lair:8)
  14 orcs
  A ball python (Sewer)
  A kobold (D:2)
  4 rats (Sewer)
  A fungus (Lair:8)
109 creatures vanquished.

Vanquished Creatures (others)
  A black mamba (Lair:8)
  A water moccasin (Lair:8)
  A yak (Lair:8)
  A giant frog (D:10)
  A worker ant (Lair:8)
  An adder (Lair:8)
  An ooze (D:1)
  A bush (D:11)
  75 fungi
  47 plants
130 creatures vanquished.

Grand Total: 1193 creatures vanquished

Notes
Turn   | Place    | Note
--------------------------------------------------------------
     0 | D:1      | rlgrobin the Deep Elf Chaos Knight began the quest for the Orb.
     0 | D:1      | Reached XP level 1. HP: 13/13 MP: 3/3
   306 | D:1      | XOM: harmless Hex miscast
   364 | D:1      | XOM: scenery: create altars
   382 | D:1      | XOM: 2-stop teleportation journey
   389 | D:1      | Reached XP level 2. HP: 8/18 MP: 4/4
   778 | D:1      | XOM: god gift: 7 javelins of penetration
   940 | D:1      | Reached skill level 1 in Throwing
   940 | D:1      | Reached XP level 3. HP: 22/22 MP: 5/5
  1071 | D:2      | Noticed Ijyb
  1073 | D:2      | XOM: summons friendly crimson imp
  1083 | D:2      | Killed Ijyb
  1083 | D:2      | Reached XP level 4. HP: 19/27 MP: 6/6
  1169 | D:2      | Found a sparkling altar of Nemelex Xobeh.
  1426 | D:2      | Fell from the grace of Xom
  1426 | D:2      | Became a worshipper of Nemelex Xobeh the Trickster
  1725 | D:2      | Received a gift from Nemelex Xobeh
  1932 | D:2      | XOM: stat loss: -1 Int (16/17)
  2395 | D:2      | Noticed Jessica
  2398 | D:2      | Killed Jessica
  2398 | D:2      | Reached XP level 5. HP: 31/31 MP: 7/7
  2537 | D:3      | XOM: noise
  2674 | D:3      | Noticed a sky beast
  2692 | D:3      | Killed a sky beast
  2692 | D:3      | Reached skill level 2 in Stealth
  2829 | D:3      | Reached * piety under Nemelex Xobeh
  2832 | D:3      | Found a radiant altar of Vehumet.
  2927 | D:3      | Found a faded altar to an unknown god.
  3052 | D:3      | Reached skill level 3 in Stealth
  3052 | D:3      | Reached XP level 6. HP: 28/36 MP: 9/9
  3457 | D:3      | Found a snail-covered altar of Cheibriados.
  4392 | D:4      | Received a gift from Nemelex Xobeh
  4403 | D:4      | Reached skill level 4 in Stealth
  4458 | D:4      | Found a glowing golden altar of the Shining One.
  4490 | D:4      | XOM: medium Summ miscast
  4491 | D:4      | Noticed a small abomination
  4584 | D:4      | Reached ** piety under Nemelex Xobeh
  4648 | D:4      | Received a gift from Nemelex Xobeh
  4665 | D:4      | Reached XP level 7. HP: 40/40 MP: 11/11
  4680 | D:4      | Reached skill level 5 in Stealth
  5000 | D:4      | Found a shimmering altar of Xom.
  5021 | D:4      | Found Tuecog's Assorted Antiques.
  5026 | D:4      | Bought a crooked copper wand for 80 gold pieces
  5026 | D:4      | Bought a silver wand for 80 gold pieces
  5604 | D:4      | Found a deep blue altar of Sif Muna.
  5762 | D:4      | XOM: god gift: scimitar {god gift}
  5821 | D:5      | Entered Level 5 of the Dungeon
  5895 | D:5      | XOM: give mutations
  5895 | D:5      | Gained mutation: You expend magic power (3 MP) to strengthen your wands. [Xom's mischief]
  5895 | D:5      | Lost mutation: You expend magic power (3 MP) to strengthen your wands. [Xom's mischief]
  6124 | D:5      | Found a staircase to the Ecumenical Temple.
  6189 | D:5      | Noticed a two-headed ogre
  6190 | D:5      | Found an ancient bone altar of Kikubaaqudgha.
  6202 | D:5      | Killed a two-headed ogre
  6202 | D:5      | Reached skill level 5 in Dodging
  6202 | D:5      | Reached XP level 8. HP: 25/48 MP: 13/13
  6785 | D:5      | XOM: noise
  6826 | D:5      | Reached skill level 5 in Short Blades
  6865 | D:5      | Found a stormy altar of Qazlal.
  6866 | D:5      | Received a gift from Nemelex Xobeh
  7026 | D:6      | Found a glowing drain.
  7033 | Sewer    | Entered a sewer
  7054 | Sewer    | XOM: mild Trmt miscast
  7274 | Sewer    | XOM: summons 6 hostile demons
  7365 | Sewer    | XOM: mild Air miscast
  7483 | Sewer    | XOM: give mutations
  7483 | Sewer    | Gained mutation: You occasionally shout uncontrollably at your foes. [Xom's mischief]
  7483 | Sewer    | Lost mutation: You occasionally shout uncontrollably at your foes. [Xom's mischief]
  8136 | D:6      | Received a gift from Nemelex Xobeh
  8141 | D:6      | XOM: noise
  8255 | D:6      | Reached *** piety under Nemelex Xobeh
  8288 | D:6      | Found an oddly glowing altar of Pakellas.
  8288 | D:6      | Noticed an ice dragon
  8372 | D:6      | XOM: give mutations
  8372 | D:6      | Gained mutation: You are agile. (Dex +2) [Xom's mischief]
  8372 | D:6      | Gained mutation: Your magical capacity is low (-10% MP). [Xom's mischief]
  8372 | D:6      | Lost mutation: Your magical capacity is low (-10% MP). [Xom's mischief]
  8372 | D:6      | Gained mutation: Armour fits poorly on your strangely shaped body. [Xom's mischief]
  8478 | D:6      | XOM: noise
  8684 | D:6      | Found Kahougih's Food Boutique.
  8693 | D:6      | Received a gift from Nemelex Xobeh
  8728 | D:6      | Found a shadowy altar of Dithmenos.
  8796 | D:6      | XOM: medium Erth miscast
  8889 | D:6      | Found a burning altar of Makhleb.
  8901 | D:6      | XOM: noise
  8997 | D:7      | Reached XP level 9. HP: 46/52 MP: 14/14
  9296 | D:7      | Noticed Duvessa
  9296 | D:7      | Noticed Dowan
  9297 | D:7      | Noticed Dowan
  9297 | D:7      | Dowan changed into Dowan the sheep
  9297 | D:7      | Noticed Duvessa
  9297 | D:7      | Duvessa changed into Duvessa the giant frog
  9307 | D:7      | Killed Dowan the sheep
  9312 | D:7      | Killed Duvessa the giant frog
  9381 | D:7      | XOM: noise
  9422 | D:7      | XOM: mild Summ miscast
  9495 | D:7      | XOM: mild Erth miscast
  9689 | D:7      | XOM: medium Conj miscast
  9824 | D:7      | Noticed Crazy Yiuf
  9828 | D:7      | Killed Crazy Yiuf
  9849 | D:7      | XOM: mild Chrm miscast
  9956 | D:8      | Received a gift from Nemelex Xobeh
  9968 | D:8      | Got an ancient leather armour
  9979 | D:8      | Identified the +2 leather armour "Panu" {Str+7 Dex-2} (You found it on level 8 of the Dungeon)
 10202 | D:8      | Reached **** piety under Nemelex Xobeh
 10241 | D:8      | Received a gift from Nemelex Xobeh
 10267 | D:8      | XOM: divination: detect creatures
 10435 | D:8      | Reached skill level 5 in Fighting
 11307 | D:9      | Found a runed door.
 11327 | D:9      | Found a runed door.
 11768 | D:9      | Reached XP level 10. HP: 60/60 MP: 15/15
 11787 | D:9      | Received a gift from Nemelex Xobeh
 11801 | D:9      | Got a pair of heavily runed gloves
 11812 | D:9      | Identified the +1 pair of gloves of Utatuule {-Tele +Fly rF+ rN+} (You found it on level 9 of the Dungeon)
 11985 | D:9      | Found a white marble altar of Elyvilon.
 11986 | D:9      | Found an opulent altar of Gozag.
 12000 | D:9      | Found a basalt altar of Yredelemnul.
 12250 | D:10     | Entered Level 10 of the Dungeon
 12250 | D:10     | Found a staircase to the Orcish Mines.
 12322 | D:9      | XOM: harmless Ice miscast
 12389 | D:10     | Found a staircase to the Lair.
 12430 | D:10     | Reached skill level 10 in Short Blades
 12730 | D:10     | XOM: harmless Pois miscast
 12739 | D:10     | Reached skill level 6 in Stealth
 12739 | D:10     | Reached skill level 5 in Evocations
 12897 | D:10     | Noticed a hill giant
 12946 | D:10     | Killed a hill giant
 12946 | D:10     | Reached skill level 7 in Stealth
 13710 | Lair:1   | Entered Level 1 of the Lair of Beasts
 13722 | Lair:1   | Noticed rlgrobin's ghost (journeyman DECK)
 13740 | Lair:1   | Reached skill level 8 in Stealth
 13740 | Lair:1   | Reached XP level 11. HP: 56/64 MP: 17/17
 13741 | Lair:1   | Killed rlgrobin's ghost
 13746 | Lair:1   | Reached skill level 10 in Dodging
 13792 | Lair:1   | Found a shimmering altar of Xom.
 13853 | Lair:1   | Received a gift from Nemelex Xobeh
 13859 | Lair:1   | XOM: medium Conj miscast
 13859 | Lair:1   | Was forgiven by Xom
 14147 | Lair:1   | Received a gift from Nemelex Xobeh
 14297 | Lair:1   | Reached ***** piety under Nemelex Xobeh
 14821 | Lair:2   | Reached skill level 9 in Stealth
 15030 | Lair:2   | Noticed theElss's ghost (journeyman HECj)
 15059 | Lair:2   | Killed theElss's ghost
 15059 | Lair:2   | Reached skill level 5 in Throwing
 16694 | Lair:2   | Noticed an eight-headed hydra
 16702 | Lair:2   | Killed an eight-headed hydra
 16702 | Lair:2   | Reached skill level 10 in Stealth
 17056 | Lair:3   | Noticed a seven-headed hydra
 17063 | Lair:3   | Killed a seven-headed hydra
 17063 | Lair:3   | Reached XP level 12. HP: 72/72 MP: 20/20
 17154 | Lair:3   | Received a gift from Nemelex Xobeh
 17423 | Lair:3   | Noticed a six-headed hydra
 17424 | Lair:3   | Lost mutation: Armour fits poorly on your strangely shaped body. [helix card]
 17444 | Lair:3   | Killed a six-headed hydra
 18326 | Lair:4   | Noticed a seven-headed hydra
 18329 | Lair:4   | Killed a seven-headed hydra
 18329 | Lair:4   | Reached skill level 11 in Stealth
 18417 | Lair:4   | Received a gift from Nemelex Xobeh
 19401 | Lair:5   | Received a gift from Nemelex Xobeh
 19571 | Lair:5   | Found a staircase to the Snake Pit.
 19577 | Lair:5   | Noticed a four-headed hydra
 19587 | Lair:5   | Noticed a five-headed hydra
 19587 | Lair:5   | Killed a four-headed hydra
 19592 | Lair:5   | Killed a five-headed hydra
 20141 | Lair:5   | Received a gift from Nemelex Xobeh
 20261 | Lair:6   | Found a staircase to the Shoals.
 20357 | Lair:6   | Noticed Rupert
 20378 | Lair:6   | Killed Rupert
 20378 | Lair:6   | Reached skill level 10 in Throwing
 20378 | Lair:6   | Reached XP level 13. HP: 78/78 MP: 22/22
 20800 | Lair:6   | Received a gift from Nemelex Xobeh
 21382 | Lair:7   | Reached ****** piety under Nemelex Xobeh
 21860 | Lair:7   | Received a gift from Nemelex Xobeh
 22253 | Lair:7   | Found a staircase to the Slime Pits.
 22427 | Lair:7   | Received a gift from Nemelex Xobeh
 23186 | Lair:8   | Entered Level 8 of the Lair of Beasts
 23457 | Lair:8   | Received a gift from Nemelex Xobeh
 24955 | Lair:8   | Reached XP level 14. HP: 81/84 MP: 23/23
 24960 | Lair:8   | Noticed Josephine
 25237 | Lair:8   | Reached skill level 10 in Evocations
 25703 | Lair:8   | Killed Josephine
 25736 | Lair:8   | Found a runed door.
 25775 | Lair:8   | Received a gift from Nemelex Xobeh
 25795 | Lair:8   | Reached skill level 12 in Stealth
 26378 | Lair:8   | Identified 2 scrolls of acquirement
 28272 | D:11     | You are sucked into a shaft for 2 floors!
 28280 | D:13     | Noticed Nessos
 28287 | D:13     | Killed Nessos
 28311 | D:13     | Found a flagged portal.
 28320 | Bailey   | Entered a bailey
 28532 | Bailey   | Received a gift from Nemelex Xobeh
 28831 | Bailey   | Found a roughly hewn altar of Beogh.
 29044 | D:13     | Noticed Maurice
 29076 | D:13     | Killed Maurice
 29322 | D:13     | Reached skill level 13 in Stealth
 29463 | D:12     | Received a gift from Nemelex Xobeh
 29620 | D:12     | Reached skill level 1 in Armour
 30252 | D:11     | Received a gift from Nemelex Xobeh
 30920 | D:11     | Noticed a frost giant
 30920 | D:11     | Noticed a stone giant
 30952 | D:11     | uh
 31105 | D:12     | Reached XP level 15. HP: 73/91 MP: 25/25
 31834 | D:4      | Bought a scroll of enchant weapon for 150 gold pieces
 31834 | D:4      | Bought a scroll of enchant weapon for 150 gold pieces
 31834 | D:4      | Bought a papyrus book for 300 gold pieces
 31834 | D:4      | Bought a scroll of enchant armour for 150 gold pieces
 31970 | Orc:1    | Entered Level 1 of the Orcish Mines
 31970 | Orc:1    | Received a gift from Nemelex Xobeh
 32027 | Orc:1    | Reached skill level 5 in Armour
 32225 | Orc:1    | Found a roughly hewn altar of Beogh.
 32646 | Orc:2    | Entered Level 2 of the Orcish Mines
 32646 | Orc:2    | Received a gift from Nemelex Xobeh
 32720 | Orc:2    | Found a staircase to the Elven Halls.
 33497 | Orc:2    | Found Zifeuta's Assorted Antiques.
 33505 | Orc:2    | Bought a scroll of identify for 54 gold pieces
 33743 | Orc:2    | Found Qobai's Weapon Boutique.
 33746 | Orc:2    | Received a gift from Nemelex Xobeh
 33747 | Orc:2    | Found Haeng's Distillery.
 33869 | Orc:2    | Bought a potion of magic for 112 gold pieces
 33869 | Orc:2    | Bought a potion of agility for 56 gold pieces
 34061 | Orc:2    | Found Cezxac's Jewellery Shoppe.
 34061 | Orc:2    | Found Jelaak's Antique Weapon Emporium.
 34062 | Orc:2    | Found Ybiann's Jewellery Emporium.
 34065 | Orc:2    | Found Safikij's Weapon Shoppe.
 34091 | Orc:2    | Bought an uncursed amulet of regeneration for 420 gold pieces
 34325 | Orc:2    | Noticed an orc warlord
 34472 | Orc:2    | Killed an orc warlord
 34798 | D:13     | Reached skill level 14 in Stealth
 34911 | D:13     | Found a gate to the Vaults.
 35313 | D:13     | Reached skill level 15 in Stealth
 35979 | D:14     | Found a radiant altar of Vehumet.
 35983 | D:14     | Received a gift from Nemelex Xobeh
 36105 | D:14     | Found a stormy altar of Qazlal.
 36202 | D:14     | Reached skill level 16 in Stealth
 36390 | D:14     | Received a gift from Nemelex Xobeh
 36865 | Orc:2    | Bought a hardcover book for 405 gold pieces
 36874 | Orc:2    | Learned a level 3 spell: Confuse
 36880 | Orc:2    | Learned a level 5 spell: Metabolic Englaciation
 36897 | Elf:1    | Entered Level 1 of the Elven Halls
 36974 | Orc:2    | Reached skill level 1 in Hexes
 37297 | Elf:1    | Reached skill level 5 in Hexes
 37324 | Elf:1    | Received a gift from Nemelex Xobeh
 37335 | Elf:1    | Reached skill level 1 in Spellcasting
 37373 | Elf:1    | Reached skill level 1 in Ice Magic
 37501 | Elf:1    | Noticed a deep elf sorcerer
 37514 | Elf:1    | Killed from afar by a deep elf sorcerer

Skill      XL: |  1  2  3  4  5  6  7  8  9 10 11 12 13 14 15 |
---------------+----------------------------------------------+-----
Short Blades   | 4 7 9 10 14 | 14.0
Throwing       | 1 2 3 4 6 10 | 10.3
Stealth        | 3 4 5 8 10 11 13 16 | 16.0
Evocations     | 2 3 4 6 8 9 10 | 10.7
Fighting       | 4 6 7 8 9 |  9.5
Dodging        | 5 8 9 10 11 | 11.8
Armour         | 4 6 |  6.6
Hexes          | 5 |  5.6
Spellcasting   | 2 |  2.6
Ice Magic      | 2 |  2.1

Action                   |  1- 3 |  4- 6 |  7- 9 | 10-12 | 13-15 || total
-------------------------+-------+-------+-------+-------+-------++-------
Melee: Short sword       |    66 |   123 |   115 |    26 |       ||   330
       Dagger            |       |   147 |   520 |   978 |  1520 ||  3165
       Rapier            |       |       |       |       |    17 ||    17
       Quick blade       |       |       |       |       |  1080 ||  1080
Throw: Stone             |     3 |     1 |     8 |     3 |       ||    15
       Javelin           |     9 |     7 |    19 |    26 |    88 ||   149
       Tomahawk          |       |     6 |    21 |    42 |    42 ||   111
       Throwing net      |       |       |       |       |     1 ||     1
Invok: Deal Four         |       |       |     1 |     1 |       ||     2
Evoke: Deck              |       |     2 |    27 |    63 |    87 ||   179
       Wand              |       |       |     6 |    25 |    88 ||   119
       Phial of floods   |       |       |       |     1 |     3 ||     4
       Lamp of fire      |       |       |       |     1 |     2 ||     3
  Use: Potion            |     2 |       |     6 |     4 |     2 ||    14
       Scroll            |       |    10 |    12 |     9 |    31 ||    62
 Stab: Petrifying        |     1 |       |     1 |       |       ||     2
       Confused          |     1 |       |       |       |       ||     1
       Sleeping          |     3 |     5 |    15 |    34 |    55 ||   112
       Invisible         |       |       |       |     7 |       ||     7
       Distracted        |       |       |       |     2 |    20 ||    22
       Paralysed         |       |       |       |       |     6 ||     6
  Eat: Chunk             |     1 |     6 |    21 |    15 |    19 ||    62
       Meat ration       |       |     1 |       |       |       ||     1
       Beef jerky        |       |       |     1 |       |     8 ||     9
       Bread ration      |       |       |       |     2 |     5 ||     7
       Pizza             |       |       |       |     2 |     1 ||     3
       Royal jelly       |       |       |       |     2 |       ||     2
       Fruit             |       |       |       |       |     2 ||     2
Armor: Leather armour    |    15 |    83 |   209 |   149 |   164 ||   620
       Skin              |       |       |     1 |       |       ||     1
       Mottled dragon ar |       |       |       |       |   214 ||   214
Dodge: Dodged            |    38 |   125 |   443 |   659 |  1485 ||  2750
Block: Other             |       |       |       |    19 |       ||    19
